 Dungeon Crawl Stone Soup version 0.31.0-11-ge490571c62 (webtiles) character file.

Game seed: 16520596397563017409

197 Arcadio the Digger (level 5, -9/28 HPs)
             Began as a Gargoyle Earth Elementalist on Jan 28, 2024.
             Was a Follower of Sif Muna.
             Killed by divine providence
             ... invoked by an orc priest
              (10 damage)
             ... on level 3 of the Dungeon.
             The game lasted 00:05:47 (2762 turns).

Arcadio the Digger (Gargoyle Earth Elementalist)    Turns: 2762, Time: 00:05:48

Health: -9/28      AC:  6    Str: 11    XL:     5   Next: 75%
Magic:  6/10       EV: 11    Int: 18    God:    Sif Muna [*.....]
Gold:   103        SH:  0    Dex: 10    Spells: 2/10 levels left

rFire   . . .        i - +2 short sword (venom)
rCold   x . .        (no shield)
rNeg    + . .        a - +0 robe
rPois   ∞            (no helmet)
rElec   +            (no cloak)
rCorr   .            (no gloves)
SInv    +            (no boots)
Will    .....        (no amulet)
Stlth   ++           p - ring "Nuelamus" {+Blink rElec rC- SInv}
HPRegen 0.24/turn    (no ring)
MPRegen 0.12/turn

%: no passive effects
@: very slightly contaminated
A: sickness immunity, AC +4, negative energy resistance 1, electricity
resistance, torment resistance 1, petrification resistance
a: Renounce Religion, Evoke Blink, Channel Magic


You were on level 3 of the Dungeon.
You worshipped Sif Muna.
Sif Muna was aware of your devotion.
You visited 1 branch of the dungeon, and saw 4 of its levels.

You collected 103 gold pieces.

Inventory:

Hand Weapons
 d - a +0 dagger
 i - a +2 short sword of venom (weapon)
 w - a +0 war axe
Armour
 a - a +0 robe (worn)
 g - a +0 scale mail
 h - a +0 plate armour
 r - a +0 ring mail
 s - a +0 leather armour
 v - the +1 leather armour of Gluttony {rF+ Str+6 Slay-6 SInv}
   (You found it on level 3 of the Dungeon)

   Str+6:     It affects your strength (+6).
   Slay-6:    It affects your accuracy & damage with ranged weapons and melee
   (-6).
   rF+:       It protects you from fire.
   SInv:      It lets you see invisible.
Jewellery
 p - the ring "Nuelamus" (left hand) {+Blink rElec rC- SInv}
   (You found it on level 2 of the Dungeon)

   [ring of see invisible]

   rC-:       It makes you vulnerable to cold.
   rElec:     It insulates you from electricity.
   SInv:      It lets you see invisible.
   +Blink:    It lets you blink.
 u - a ring of see invisible
Scrolls
 c - 2 scrolls of poison {unknown}
 e - 2 scrolls of blinking {unknown}
 j - 3 scrolls of teleportation {unknown}
 k - a scroll of enchant armour {unknown}
 m - a scroll of enchant weapon {unknown}
 o - 4 scrolls of identify {unknown}
 t - a scroll of fog {unknown}
Potions
 b - a potion of magic
 f - a potion of might {unknown}
 l - 3 potions of heal wounds {unknown}
 n - a potion of resistance {unknown}
 q - a potion of degeneration {unknown}


   Skills:
 + Level 3.1 Armour
 - Level 1.5 Dodging
 - Level 2.1 Stealth
 + Level 3.4 Spellcasting
 - Level 1.1 Conjurations
 + Level 5.2 Earth Magic


You had 2 spell levels left.
You knew the following spells:

 Your Spells              Type           Power      Damage    Failure   Level
a - Sandblast             Erth           44%        2d11      1%          1
b - Stone Arrow           Conj/Erth      28%        3d8       13%         3
c - Brom's Barrelling Bo  Conj/Erth      14%        2d4       38%         4

Your spell library contained the following spells:

 Spells                   Type           Power      Damage    Failure   Level
 Passwall                 Erth           22%        N/A       5%          3
 Petrify                  Alch/Erth      12%        N/A       47%         4


Dungeon Overview and Level Annotations

Branches:
Dungeon (4/15)
 Temple: D:4-7

Altars:
Sif Muna
Wu Jian

Annotations:
D:4 Eustachio, Grinder


Innate Abilities, Weirdness & Mutations

You are immune to sickness and miasma.
Your stone body is resilient. (AC +4)
You are immune to poison.
You resist negative energy. (rN+)
You are resistant to electric shocks. (rElec)
You are resistant to unholy torment.
You are immune to petrification.


Message History

Beogh smites you!
You climb upwards.
There is a stone staircase leading down here.
Casting: Sandblast (safe; 1% risk of failure)
Confirm with . or Enter, or press ? or * to list all spells.
Aiming: Sandblast (safe; 1% risk of failure)
Press: ? - help, Shift-Dir - straight line, f - orc priest
Aim: an orc priest, wielding a +0 short sword of electrocution and wearing a +0 chain mail (87% to hit)
The blast of sand hits the orc priest but does no damage.
The orc priest misses you.
The orc priest invokes the aid of Beogh against you.
Beogh smites you!
Casting: Sandblast (safe; 1% risk of failure)
Confirm with . or Enter, or press ? or * to list all spells.
Aiming: Sandblast (safe; 1% risk of failure)
Press: ? - help, Shift-Dir - straight line, f/p - orc priest
Aim: an orc priest, wielding a +0 short sword of electrocution and wearing a +0 chain mail (87% to hit)
You miscast Sandblast.
Nothing appears to happen.
The orc priest hits you with a +0 short sword of electrocution.
Casting: Sandblast (safe; 1% risk of failure)
Confirm with . or Enter, or press ? or * to list all spells.
Aiming: Sandblast (safe; 1% risk of failure)
Press: ? - help, Shift-Dir - straight line, f/p - orc priest
Aim: an orc priest, wielding a +0 short sword of electrocution and wearing a +0 chain mail (87% to hit)
The blast of sand hits the orc priest!
The orc priest is severely wounded.
The orc priest mumbles some strange prayers to Beogh against you.
Pain shoots through your body!
* * * LOW HITPOINT WARNING * * *
Casting: Sandblast (safe; 1% risk of failure)
Confirm with . or Enter, or press ? or * to list all spells.
Aiming: Sandblast (safe; 1% risk of failure)
Press: ? - help, Shift-Dir - straight line, f/p - orc priest
Aim: an orc priest, wielding a +0 short sword of electrocution and wearing a +0 chain mail (severely wounded, 87% to hit)
The blast of sand hits the orc priest but does no damage.
The orc priest is severely wounded.
The orc priest misses you.
The orc priest calls down the wrath of Beogh upon you.
Beogh smites you!
You die...

.....####.#...##.##.##....#.....#
..#.....#.####..<...##...........
..##.##.#.#.##....####...........
..+.......#..'.......#..........#
..##'##.....##.......##...####...
#................................
#................................
#......#.........................
#......#.......)@.............##.
#......#......##[o.......(....##.
#......#.....###......#...##.....
#......#.......'.......##.##.####
#......#......##.....#.##.##.#
#......#......##.....#.##....#
#......####...##.....#.#######
#......# ############.# #......#
### #.#


You could see an orc priest.

Vanquished Creatures
  A scorpion (D:4)
  An orc wizard (D:4)
  2 gnolls
  2 adders (D:2)
  3 dart slugs
  2 ribbon worms (D:2)
  5 orcs
  6 ball pythons
  7 bats
  6 endoplasms
  A giant cockroach (D:4)
  5 goblins
  4 hobgoblins
  4 quokkas
  4 kobolds
  5 rats
58 creatures vanquished.

Notes
Turn   | Place    | Note
-------+----------+-------------------------------------------
     0 | D:1      | Arcadio the Gargoyle Earth Elementalist began the quest for
                  | the Orb.
     0 | D:1      | Reached XP level 1. HP: 10/10 MP: 3/3
   214 | D:1      | Reached XP level 2. HP: 15/15 MP: 3/5
   378 | D:1      | Reached skill level 1 in Armour
   392 | D:1      | Reached skill level 4 in Earth Magic
   853 | D:1      | Reached XP level 3. HP: 19/19 MP: 4/6
  1122 | D:2      | Learned a level 3 spell: Stone Arrow
  1191 | D:2      | Reached XP level 4. HP: 24/24 MP: 3/8
  1195 | D:2      | Identified the ring "Nuelamus" {+Blink rElec rC- SInv}
  1256 | D:2      | Found an ornate altar of the Wu Jian Council.
  1653 | D:3      | Identified the +1 leather armour of Gluttony {rF+ Str+6
                  | Slay-6 SInv}
  1730 | D:3      | Found a faded altar of an unknown god.
  1736 | D:3      | Prayed at the altar of an unknown god.
  1736 | D:3      | Became a worshipper of Sif Muna the Loreminder
  1736 | D:3      | Reached * piety under Sif Muna
  1978 | D:4      | Learned a level 4 spell: Brom's Barrelling Boulder
  2062 | D:4      | Noticed Eustachio
  2238 | D:4      | Noticed a scorpion
  2243 | D:4      | Killed a scorpion
  2244 | D:4      | Reached skill level 5 in Earth Magic
  2244 | D:4      | Reached XP level 5. HP: 28/28 MP: 0/9
  2400 | D:4      | Noticed Grinder
  2761 | D:3      | HP: 1/28 [orc priest/nerve-wracking pain (6)]
  2762 | D:3      | Killed from afar by an orc priest

Illustrated notes

Levels and vault maps discovered:
D:1:      mrwooster_arrival_statue_3, layout_loops_ring, minmay_pentomino_w2
D:2:      layout_basic, basic_altar
D:3:      layout_basic, ebering_ecumenical_altar_box
D:4:      layout_cave_pods, ebering_ghost_sewer_f, uniq_eustachio, uniq_grinder

Skill      XL: |  1  2  3  4 |
---------------+-------------+-----
Armour         | 1 2 3 |  3.1
Earth Magic    | 4 5 |  5.2
Spellcasting   | 3 |  3.4
Dodging        | |  1.5
Stealth        | |  2.1
Conjurations   | |  1.1

Action                     |  1- 3 |  4- 6 || total
---------------------------+-------+-------++-------
  Melee: Dagger            |     7 |       ||     7
         Short sword       |       |     8 ||     8
   Cast: Sandblast         |    39 |    36 ||    75
         Stone Arrow       |       |     5 ||     5
 Armour: Robe              |     8 |    25 ||    33
  Dodge: Dodged            |     7 |    19 ||    26
